 Dungeon Crawl Stone Soup version 0.31-a0-968-g24f9ace8b5 (webtiles) character file.

Game seed: 1079717712885790781

135 jasper the Ducker (level 4, -4/25 HPs)
             Began as a Deep Elf Chaos Knight on Oct 27, 2023.
             Was an Initiate of Sif Muna.
             Killed by divine providence
             ... invoked by an orc priest
              (11 damage)
             ... on level 3 of the Dungeon.
             The game lasted 00:04:12 (2068 turns).

jasper the Ducker (Deep Elf Chaos Knight)           Turns: 2068, Time: 00:04:12

Health: -4/25      AC:  6    Str:  9    XL:     4   Next: 96%
Magic:  7/10       EV: 12    Int: 19    God:    Sif Muna [......]
Gold:   156        SH:  0    Dex: 14    Spells: 7/8 levels left

rFire   + . .        c - +4 club
rCold   . . .        (no shield)
rNeg    . . .        b - +3 leather armour
rPois   .            (no helmet)
rElec   .            (no cloak)
rCorr   .            (no gloves)
SInv    .            (no boots)
Will    .....        (no amulet)
Stlth   +            f - ring of flight
HPRegen 0.24/turn    j - ring of protection from fire
MPRegen 0.12/turn

%: no passive effects
@: flying
A: frail 1
a: Renounce Religion


You were on level 3 of the Dungeon.
You worshipped Sif Muna.
Sif Muna was noncommittal.
You visited 1 branch of the dungeon, and saw 3 of its levels.

You collected 156 gold pieces.

Inventory:

Hand Weapons
 a - a +0 spear of chaos
 c - a +4 club (weapon)
 k - a +0 sling
 n - a +3 dagger of draining
 r - a +1 vampiric short sword
Missiles
 d - 7 stones
 i - 2 poisoned darts (quivered)
Armour
 b - a +3 leather armour (worn)
Jewellery
 f - a ring of flight (left hand)
 j - a ring of protection from fire (right hand)
Scrolls
 h - a scroll of enchant armour
 p - a scroll of vulnerability
 s - a scroll of identify
Potions
 e - a potion of attraction {unknown}
 g - a potion of haste {unknown}
 l - a potion of might {unknown}
 m - a potion of mutation
 o - a potion of degeneration {unknown}
 q - 2 potions of curing


   Skills:
 - Level 3.1 Fighting
 - Level 2.1 Polearms
 - Level 0.7 Armour
 - Level 3.6 Dodging
 + Level 2.9 Spellcasting
 * Level 1.6 Conjurations
 * Level 1.5 Fire Magic


You had 7 spell levels left.
You knew the following spells:

 Your Spells              Type           Power      Damage    Failure   Level
a - Foxfire               Conj/Fire      32%        2x1d5     11%         1

Your spell library contained the following spells:

 Spells                   Type           Power      Damage    Failure   Level
 Animate Dead             Necr           2%         N/A       91%         4
 Borgnjor's Vile Clutch   Necr/Erth      1%         N/A       99%         5
 Death Channel            Necr           1%         N/A       100%        6
 Plasma Beam              Fire/Air       2%         2x1d12    100%        6
 Starburst                Conj/Fire      4%         6d3       100%        6


Dungeon Overview and Level Annotations

Branches:
Dungeon (3/15)

Altars:
Sif Muna


Innate Abilities, Weirdness & Mutations

You are frail. (-10% HP)


Message History

An orc priest comes into view. It is wielding a +0 war axe.
You now have 8/10 mp.
The foxfire hits the orc priest.
The orc priest is severely wounded.
The foxfire hits the orc priest.
The orc priest is almost dead.
The orc priest calls down the wrath of Beogh upon you.
You barely resist.
Casting: Foxfire (safe; 14% risk of failure)
Confirm with . or Enter, or press ? or * to list all spells.
You conjure some foxfire!
The orc priest calls down the wrath of Beogh upon you.
Beogh smites you!
* * * LOW HITPOINT WARNING * * *
You take 12 damage, and have 1/28 hp.
MASSIVE DAMAGE!!
You now have 7/10 mp.
It was a potion of mutation.
You feel extremely strange.
You feel frail.
The foxfire hits the orc priest.
You kill the orc priest!
Sif Muna accepts your kill.
As you read the scroll labelled DUPIABBETTA, it crumbles to dust.
It is a scroll of identify.
q - 3 potions of curing You feel better.
You regained 5 hp, and now have 7/25 hp.
Casting: Foxfire (safe; 11% risk of failure)
Confirm with . or Enter, or press ? or * to list all spells.
You conjure some foxfire!
You now have 7/10 mp.
You hit the bat.
You kill the bat!
Sif Muna accepts your kill.
The foxfire hits the orc priest.
The orc priest is lightly wounded.
The foxfire hits the orc priest but does no damage.
The orc priest is lightly wounded.
The orc priest miscasts a cantrip.
The orc priest mumbles some strange prayers to Beogh against you.
Beogh smites you!
You die...

###.#[#.###. ####### #.....#
##.....## ######.#####.#
##.≈≈≈≈§.########
............#.###.§.....≈.?......
######.###.###....~..[..~.$######
###.### .#.#.≈~.~...~.~≈.##
#.....# #.#.≈..~.~.~.~..≈.#
##.....###.#.≈§..~.≈.~...≈.####
###...........o≈@..~≈.≈~...≈.....
.........##..).≈§..~≈_≈~...≈.###.
####......##.#§§..~.~≈~.~..≈.###.
######>####..≈~~~~.~~§~≈...... .#
#.#.≈..~.~.§§.#####. .#
#.##.≈.~.~.≈.#......
#.##..≈≈.≈≈....#####
#.##.#...§..### .# #. #.###...##


You could see an orc priest.

Vanquished Creatures
  An orc priest (D:3)
  Jessica (D:3)
  3 gnolls (D:3)
  An adder (D:3)
  A worm (D:2)
  A dart slug (D:1)
  3 ball pythons (D:1)
  A bat (D:3)
  4 endoplasms
  3 hobgoblins
  3 kobolds
  2 quokkas
  3 frilled lizards
  2 goblins
  3 rats (D:1)
32 creatures vanquished.

Vanquished Creatures (others)
  7 foxfires (D:3)
7 creatures vanquished.

Grand Total: 39 creatures vanquished

Notes
Turn   | Place    | Note
-------+----------+-------------------------------------------
     0 | D:1      | jasper the Deep Elf Chaos Knight began the quest for the
                  | Orb.
     0 | D:1      | Reached XP level 1. HP: 13/13 MP: 3/3
    58 | D:1      | XOM: silly message
   168 | D:1      | Reached XP level 2. HP: 16/18 MP: 4/4
   585 | D:1      | XOM: draining
  1063 | D:2      | XOM: chaos upgrade
  1097 | D:2      | Found a shimmering blue altar of Sif Muna.
  1101 | D:2      | Reached skill level 1 in Spellcasting
  1108 | D:2      | Fell from the grace of Xom
  1108 | D:2      | Became a worshipper of Sif Muna the Loreminder
  1134 | D:2      | Reached XP level 3. HP: 15/20 MP: 6/6
  1555 | D:3      | Reached XP level 4. HP: 18/28 MP: 7/9
  1611 | D:3      | XOM: noise
  1635 | D:3      | Learned a level 1 spell: Foxfire
  1650 | D:3      | Noticed Jessica
  1658 | D:3      | Killed Jessica
  1835 | D:3      | Reached skill level 1 in Conjurations
  1835 | D:3      | Reached skill level 1 in Fire Magic
  1979 | D:3      | Found a faded altar of an unknown god.
  2062 | D:3      | HP: 1/28 [orc priest/divine providence (12)]
  2064 | D:3      | Gained mutation: You are frail. (-10% HP) [potion of
                  | mutation]
  2068 | D:3      | Killed from afar by an orc priest

Illustrated notes

Levels and vault maps discovered:
D:1:      roderic_dead_forest, layout_loops_cross
D:2:      layout_rooms, basic_altar
D:3:      layout_loops_ring, shapermc_ecumenical_altar_starsandcircs,
          kennysheep_orc_chapel, uniq_jessica

Skill      XL: |  1  2  3  4 |
---------------+-------------+-----
Dodging        | 3 |  3.6
Spellcasting   | 1 2 |  2.9
Fighting       | 3 |  3.1
Conjurations   | 1 |  1.6
Fire Magic     | 1 |  1.5
Polearms       | |  2.1
Armour         | |  0.7

Action                     |  1- 3 |  4- 6 || total
---------------------------+-------+-------++-------
  Melee: Spear             |   102 |     9 ||   111
         Punch             |     1 |       ||     1
         Club              |       |    16 ||    16
  Throw: Dart              |     3 |     2 ||     5
         Stone             |       |     3 ||     3
   Cast: Foxfire           |       |     4 ||     4
    Use: Scroll            |     4 |     2 ||     6
         Potion            |     1 |     4 ||     5
   Stab: Sleeping          |     2 |       ||     2
 Armour: Leather armour    |    38 |    22 ||    60
  Dodge: Dodged            |    40 |    26 ||    66

Table legend: (Time is in decaauts)
 A = Elapsed time spent in this place.
 B = Non-inter-level travel time spent in this place.
 C = Inter-level travel time spent in this place.
 D = Time resting spent in this place.
 E = Time spent auto-exploring this place.
 F = Levels seen in this place.
 G = Mean time per level.
                   A        B        C        D        E       F      G
               +--------+--------+--------+--------+--------+-----+--------+
         Total |   2085 |   2039 |     46 |     57 |   1517 |   3 |  695.0 |
       Dungeon |   2085 |   2039 |     46 |     57 |   1517 |   3 |  695.0 |
               +--------+--------+--------+--------+--------+-----+--------+

Top non-repeatable levels by time:
     D:1: 797 daAuts
     D:3: 648 daAuts
     D:2: 639 daAuts
